 Dungeon Crawl Stone Soup version 0.30-a0-860-g512cf1e (webtiles) character file.

Game seed: 6138333785767430834

4233 Dorkslayer the Cleaver (level 10, -2/88 HPs)
             Began as a Hill Orc Fighter on Mar 7, 2023.
             Slain by a gnoll sergeant
             ... wielding a +0 glaive
              (12 damage)
             ... in a bailey.
             The game lasted 00:24:26 (7722 turns).

Dorkslayer the Cleaver (Hill Orc Fighter)           Turns: 7722, Time: 00:24:27

Health: -2/88      AC: 18    Str: 22    XL:     10   Next: 30%
Magic:  10/10      EV:  6    Int: 10    God:
Gold:   208        SH: 11    Dex: 10    Spells: 9/9 levels left

rFire   . . .      SeeInvis .    x - +9 broad axe (flame)
rCold   . . .      Faith    .    j - +2 kite shield
rNeg    . . .      Spirit   .    u - +1 plate armour
rPois   +          Reflect  .    (no helmet)
rElec   .          Rampage  .    d - +0 cloak
rCorr   +                        v - +0 pair of gloves
Will    .....                    s - +0 pair of boots Stlth
                                 h - amulet of the acrobat
HPRegen 0.34/turn                l - ring "Pilid" {rPois rCorr}
MPRegen 0.12/turn                (no ring)

@: mighty
A: no striking features
a: no special abilities


You were in a bailey.
You visited 2 branches of the dungeon, and saw 9 of its levels.
You also visited: Sewer and Bailey.

You collected 502 gold pieces.
You spent 294 gold pieces at shops.

Inventory:

Hand Weapons
 i - a +2 war axe of freezing
 x - a +9 broad axe of flaming (weapon)
Missiles
 r - 4 throwing nets
 B - 5 boomerangs (quivered)
 D - 4 boomerangs of dispersal
Armour
 d - a +0 cloak (worn)
 j - a +2 kite shield (worn)
 s - a +0 pair of boots (worn)
 u - a +1 plate armour (worn)
 v - a +0 pair of gloves (worn)
 K - the +0 chain mail of Satisfaction {rF- rN+++ Regen+ SInv}
   (You bought it in a shop on level 6 of the Dungeon)

   rF:        It makes you vulnerable to fire.
   rN:        It renders you almost immune to negative energy.
   SInv:      It lets you see invisible.
   Regen:     It increases your rate of health regeneration.
Jewellery
 h - an amulet of the acrobat (around neck)
 l - the ring "Pilid" (left hand) {rPois rCorr}
   (You found it in a sewer)

   [ring of poison resistance]

   rPois:     It protects you from poison.
   rCorr:     It protects you from acid and corrosion.
 o - a ring of positive energy
Wands
 p - a wand of polymorph (12)
 w - a wand of flame (27)
 E - a wand of digging (7)
Scrolls
 f - a scroll of fog
 q - a scroll of blinking
Potions
 c - a potion of ambrosia
 e - a potion of resistance
 k - a potion of magic
 n - 2 potions of attraction
 t - 6 potions of brilliance
 z - a potion of lignification
 A - a potion of might
 I - a potion of berserk rage
Miscellaneous
 b - a condenser vane


   Skills:
 + Level 7.6 Fighting
 * Level 8.4(8.6) Axes
 - Level 2.0(4.9) Polearms
 * Level 4.5 Throwing
 + Level 7.1 Armour
 + Level 4.5 Dodging
 + Level 6.2 Shields
 * Level 4.9 Evocations


You had 9 spell levels left.
You didn't know any spells.
Your spell library contained the following spells:

 Spells                   Type           Power      Damage    Failure   Level
 Apportation              Tloc           0%         N/A       100%        1
 Beastly Appendage        Tmut           0%         N/A       100%        1
 Foxfire                  Conj/Fire      0%         2x1d4     100%        1
 Necrotise                Necr           0%         1d4       100%        1
 Summon Small Mammal      Summ           0%         N/A       100%        1
 Wereblood                Tmut           0%         N/A       100%        2
 Dazzling Flash           Conj/Hex       0%         N/A       100%        3
 Frozen Ramparts          Ice            0%         1d1       100%        3
 Spider Form              Tmut/Pois      0%         N/A       100%        3
 Vampiric Draining        Necr           0%         2d6       100%        3
 Ice Form                 Ice/Tmut       0%         N/A       100%        4
 Iskenderun's Mystic Bla  Conj/Tloc      0%         2d3       100%        4
 Summon Ice Beast         Ice/Summ       0%         N/A       100%        4
 Agony                    Necr           0%         N/A       100%        5
 Fireball                 Conj/Fire      0%         3d3       100%        5
 Starburst                Conj/Fire      0%         6d3       100%        6


Dungeon Overview and Level Annotations

Branches:
Dungeon (8/15)             Temple (1/1) D:7           Sewer (visited)
 Bailey (1/1)
   Lair: D:8-11

Altars:
Cheibriados
Elyvilon
Gozag
Makhleb
Wu Jian
Xom
Zin
The Shining One

Shops:
D:6 [   D:8 ?


Message History

The gnolls pick up the pace!
The gnoll sergeant hits you but does no damage.
You hit the gnoll sergeant. You burn the gnoll sergeant.
You kill the gnoll sergeant!
You hit the gnoll sergeant but do no damage. x2
The gnoll bouda is no longer moving quickly.
You block the gnoll sergeant's attack.
The gnoll bouda barks out a call to the hunt!
The gnoll bouda picks up the pace!
The gnoll sergeant hits you with a +0 glaive!
The gnoll bouda hits you from afar with a +0 halberd!
* * * LOW HITPOINT WARNING * * *
The gnoll sergeant completely misses you.
The gnoll bouda gazes fiercely through you!
You feel as though you will be weak longer.
The gnoll bouda closely misses you.
The gnoll sergeant attacks as you move away!
The gnoll sergeant hits you with a +0 glaive.
* * * LOW HITPOINT WARNING * * *
You block the gnoll sergeant's attack. x2
Items here: ) [ ††.
You feel very mighty all of a sudden.
You block the gnoll sergeant's attack. x2
You barely miss the gnoll sergeant.
The gnoll sergeant is moderately wounded.
The gnoll sergeant hits you from afar with a +0 glaive!
* * * LOW HITPOINT WARNING * * *
You block the gnoll sergeant's attack.
Unknown command.
You slash the gnoll sergeant! You burn the gnoll sergeant.
The gnoll sergeant is almost dead.
You block the gnoll sergeant's attack.
The gnoll sergeant hits you with a +0 glaive.
* * * LOW HITPOINT WARNING * * *
Unknown command.
You slice the gnoll sergeant!! You burn the gnoll sergeant.
You kill the gnoll sergeant!
Your attacks no longer feel as feeble.
The gnoll sergeant hits you from afar with a +0 glaive!
You die...

♣♣♣♣♣♣♣♣♣♣♣ ≈≈≈≈≈≈≈≈≈≈♣♣
♣♣≈≈.. #############...≈≈♣
♣.≈..# #.8..g#...8.##...≈♣
♣♣.≈..# #.....#@.....##..≈♣
♣♣..≈..# #....g)†......#..≈♣
♣...≈..# #...#####.....#..≈♣
♣...≈..# +. ##...##....#..≈♣
♣...≈..######.....###'##..≈♣
....)).'...#.......#......≈♣
∩...)..'...')..8...'))....≈♣
.......'.).#.).....#).....≈♣
♣...≈..######.....###'##..≈♣


You could see a gnoll sergeant (swift).

Vanquished Creatures
  Joseph (D:7)
  A hornet (D:7)
  A steam dragon (D:8)
  Menkaure (D:6)
  An ice beast (D:7)
  An orc warrior (D:8)
  7 wolves (Bailey)
  A centaur (D:7)
  2 phantoms
  A kobold brigand (D:6)
  4 bullfrogs
  8 gnoll sergeants (Bailey)
  4 scorpions
  3 howler monkeys
  2 jellies (D:5)
  5 gnoll boudas
  4 hounds
  3 sleepcaps (D:7)
  Crazy Yiuf (D:2)
  5 orc priests
  Ijyb (D:5)
  Natasha (thrice) (D:2)
  12 orc wizards
  An iguana (D:4)
  19 gnolls
  4 adders
  A shadow imp (D:6)
  A white imp (D:5)
  4 worms (D:3)
  3 dart slugs
  24 orcs
  17 ball pythons
  7 bats
  7 endoplasms
  11 giant cockroaches
  6 goblins
  5 hobgoblins
  8 quokkas
  6 frilled lizards
  19 kobolds
  6 rats
221 creatures vanquished.

Vanquished Creatures (others)
  4 fungi (D:2)
4 creatures vanquished.

Grand Total: 225 creatures vanquished

Notes
Turn   | Place    | Note
-------+----------+-------------------------------------------
     0 | D:1      | Dorkslayer the Hill Orc Fighter began the quest for the
                  | Orb.
     0 | D:1      | Reached XP level 1. HP: 19/19 MP: 1/1
    88 | D:1      | Found a faded altar of an unknown god.
   189 | D:1      | Reached XP level 2. HP: 23/27 MP: 2/2
   192 | D:1      | Reached skill level 3 in Axes
   415 | D:1      | Reached XP level 3. HP: 33/33 MP: 3/3
   839 | D:2      | Noticed Natasha
   847 | D:2      | Killed Natasha
   848 | D:2      | Reached skill level 1 in Dodging
   959 | D:2      | Noticed Natasha
  1094 | D:2      | Killed Natasha
  1095 | D:2      | Reached XP level 4. HP: 39/40 MP: 4/4
  1230 | D:2      | Found a runed translucent door.
  1231 | D:2      | Noticed Crazy Yiuf
  1624 | D:2      | Noticed Natasha
  1635 | D:2      | Killed Natasha
  1636 | D:2      | Reached XP level 5. HP: 26/47 MP: 5/5
  1835 | D:2      | Killed Crazy Yiuf
  2103 | D:3      | Reached skill level 4 in Axes
  2115 | D:3      | Reached XP level 6. HP: 38/55 MP: 6/6
  2171 | D:3      | Found a glowing drain.
  2189 | Sewer    | Entered a sewer
  2239 | Sewer    | Reached skill level 5 in Fighting
  2436 | Sewer    | Identified the ring "Pilid" {rPois rCorr}
  2827 | D:3      | Reached skill level 5 in Axes
  2827 | D:3      | Reached XP level 7. HP: 61/61 MP: 7/7
  3092 | D:4      | Found a burning altar of Makhleb.
  3094 | D:4      | Found an ornate altar of the Wu Jian Council.
  3097 | D:4      | Found a white marble altar of Elyvilon.
  3491 | D:4      | Reached skill level 5 in Armour
  4127 | D:5      | Entered Level 5 of the Dungeon
  4150 | D:5      | Found a glowing golden altar of the Shining One.
  4160 | D:5      | Noticed Menkaure
  4329 | D:5      | Reached skill level 6 in Axes
  4329 | D:5      | Reached XP level 8. HP: 70/70 MP: 8/8
  4734 | D:5      | Noticed Ijyb
  4742 | D:5      | Killed Ijyb
  4775 | D:5      | Reached skill level 1 in Evocations
  4776 | D:5      | Reached skill level 1 in Throwing
  4776 | D:5      | Reached skill level 5 in Shields
  4932 | D:6      | Found Beteebof's Antique Armour Shop.
  5264 | D:6      | Killed Menkaure
  5482 | D:6      | Reached XP level 9. HP: 67/78 MP: 9/9
  5639 | D:6      | Bought a bloodstained chain mail for 294 gold pieces
  5639 | D:6      | Identified the +0 chain mail of Satisfaction {rF- rN+++
                  | Regen+ SInv} (You bought it in a shop on level 6 of the
                  | Dungeon)
  5981 | D:7      | Found a glowing silver altar of Zin.
  6012 | D:7      | Found a staircase to the Ecumenical Temple.
  6024 | Temple   | Entered the Ecumenical Temple
  6162 | D:7      | Reached skill level 7 in Axes
  6326 | D:7      | Identified the +11 trident "Doutwiek" {pain, rElec Will+
                  | Str+5 Stlth-}
  6353 | D:7      | Noticed a hornet
  6370 | D:7      | Killed a hornet
  6371 | D:7      | Reached skill level 1 in Polearms
  6549 | D:7      | Noticed Joseph
  6569 | D:7      | Killed Joseph
  7041 | D:8      | Identified a scroll of acquirement
  7041 | D:8      | Acquired a +6 broad axe of flaming
  7078 | D:8      | Found Geyjuf's Magic Scroll Boutique.
  7119 | D:8      | Found a flagged portal.
  7128 | Bailey   | Entered a bailey
  7307 | Bailey   | Reached XP level 10. HP: 75/86 MP: 10/10
  7360 | Bailey   | Reached skill level 8 in Axes
  7397 | Bailey   | HP: 1/86 [gnoll sergeant/+0 glaive (9)]
  7666 | Bailey   | Identified the +1 hand axe "Hulk" {heavy, rPois rN+ Will+}
  7722 | Bailey   | Slain by a gnoll sergeant

Illustrated notes

Levels and vault maps discovered:
D:1:      reono_arrival_mine, layout_loops_ring, basic_ecumenical_altar,
          minmay_vboxes
D:2:      layout_basic, due_unseen_surprise, uniq_natasha,
          uniq_crazy_yiuf_cottage
D:3:      layout_basic, cheibrodos_sewer_entry_drain, kennysheep_potato
D:4:      layout_loops_corners, gammafunk_temple_overflow_forgotten
D:5:      layout_loops_ring, mainiacjoe_overflow_boulevard, dk_vineyard_1,
          hangedman_decor_peaks_small, uniq_menkaure, uniq_ijyb
D:6:      layout_cave_pods, serial_shops, shop, nrook_mini_vaults,
          minmay_stone_trees_medium
D:7:      layout_loops_ring, kennysheep_mini_moat,
          minmay_temple_entry_drinking_statues, uniq_joseph
D:8:      layout_gridville, enter_bailey_2, serial_shops,
          nicolae_shop_advertising_works [nicolae_subvault_shop_adworks]
Temple:   nicolae_temple_superstar
Bailey:   bailey_polearm_gnolls_kennysheep, bailey

Skill      XL: |  1  2  3  4  5  6  7  8  9 10 |
---------------+-------------------------------+-----
Axes           | 3 4 5 6 7 8 |  8.4
Fighting       | 4 5 6 7 |  7.6
Dodging        | 1 2 3 4 |  4.5
Armour         | 4 5 6 7 |  7.1
Shields        | 4 5 6 |  6.2
Evocations     | 2 4 |  4.9
Throwing       | 2 3 4 |  4.5
Polearms       | 2 |  2.0

Action                     |  1- 3 |  4- 6 |  7- 9 | 10-12 || total
---------------------------+-------+-------+-------+-------++-------
  Melee: War axe           |    61 |   174 |   243 |       ||   478
         Unarmed           |     2 |       |       |       ||     2
         Trident           |       |       |    38 |       ||    38
         Broad axe         |       |       |    25 |    49 ||    74
  Throw: Boomerang         |       |       |    12 |       ||    12
  Evoke: Wand              |       |       |       |     4 ||     4
    Use: Scroll            |       |     9 |    15 |     1 ||    25
         Potion            |       |     5 |       |    11 ||    16
 Armour: Scale mail        |    29 |    85 |       |       ||   114
         Skin              |     1 |       |       |       ||     1
         Plate armour      |       |       |   159 |    43 ||   202
         Chain mail        |       |       |     5 |       ||     5
  Dodge: Dodged            |    28 |    89 |    84 |    49 ||   250
  Block: Buckler           |     6 |       |       |       ||     6
         Kite shield       |    15 |   117 |   147 |    66 ||   345

Table legend: (Time is in decaauts)
 A = Elapsed time spent in this place.
 B = Non-inter-level travel time spent in this place.
 C = Inter-level travel time spent in this place.
 D = Time resting spent in this place.
 E = Time spent auto-exploring this place.
 F = Levels seen in this place.
 G = Mean time per level.
                   A        B        C        D        E       F      G
               +--------+--------+--------+--------+--------+-----+--------+
         Total |   8004 |   8004 |      0 |    344 |   3788 |  11 |  727.6 |
       Dungeon |   6897 |   6897 |      0 |    125 |   3639 |   8 |  862.1 |
        Temple |     15 |     15 |      0 |      0 |      0 |   1 |   15.0 |
         Sewer |    500 |    500 |      0 |     42 |      0 |   1 |  500.0 |
        Bailey |    590 |    590 |      0 |    176 |    149 |   1 |  590.0 |
               +--------+--------+--------+--------+--------+-----+--------+

Top non-repeatable levels by time:
     D:2: 1152 daAuts
     D:7: 1140 daAuts
     D:4: 1065 daAuts
     D:6: 1049 daAuts
     D:1: 928 daAuts
     D:5: 752 daAuts
     D:3: 682 daAuts
  Bailey: 590 daAuts
   Sewer: 500 daAuts
     D:8: 124 daAuts
  Temple: 15 daAuts
